 Dungeon Crawl Stone Soup version 0.29.1-12-g30fa7ad0bf (webtiles) character file.

Game seed: 12056868006129194137

64 hawla the Firebug (level 4, -25/33 HPs)
             Began as a Meteoran Fire Elementalist on Jan 12, 2023.
             Killed by an exploding orc (45 damage)
             ... ignited by their inner flame
             ... on level 4 of the Dungeon.
             The game lasted 00:02:02 (179 turns).

hawla the Firebug (Meteoran Fire Elementalist)       Turns: 179, Time: 00:02:03

Health: -25/33     AC:  2    Str: 10    XL:     4   Next: 58%
Magic:  2/10       EV: 12    Int: 18    God:
Gold:   0          SH:  0    Dex: 14    Spells: 3/10 levels left

rFire   . . .      SeeInvis .   (no weapon)
rCold   . . .      Faith    .   (no shield)
rNeg    . . .      Spirit   .   a - +0 robe
rPois   .          Reflect  .   (no helmet)
rElec   .          Harm     .   (no cloak)
rCorr   .          Rampage  .   (no gloves)
Will    .....                   (no boots)
Stlth   +.........              (no amulet)
HPRegen 0.11/turn               (no ring)
MPRegen 0.12/turn               (no ring)

@: lethally poisoned (-25 -> -32), glowing
A: sense surroundings 1, otherworldly, glowing, explore regen
a: no special abilities


You were on level 4 of the Dungeon.
You visited 1 branch of the dungeon, and saw 4 of its levels.

Inventory:

Armour
 a - a +0 robe (worn)
Jewellery
 e - a +4 ring of protection
Wands
 f - a wand of flame (17)
Potions
 b - a potion of magic


   Skills:
 - Level 2.8 Dodging
 - Level 1.4 Stealth
 - Level 3.5 Spellcasting
 + Level 1.7 Conjurations
 - Level 5.0 Fire Magic


You had 3 spell levels left.
You knew the following spells:

 Your Spells              Type           Power      Damage    Failure   Level
a - Foxfire               Conj/Fire      60%        2x1d7     3%          1
b - Scorch                Fire           42%        2d7       3%          2
c - Flame Wave            Conj/Fire      15%        2d7       36%         4

Your spell library contained the following spells:

 Spells                   Type           Power      Damage    Failure   Level
 Conjure Flame            Conj/Fire      15%        6-21      12%         3
 Inner Flame              Hex/Fire       12%        N/A       17%         3
 Summon Ice Beast         Ice/Summ       3%         N/A       83%         4
 Spellforged Servitor     Conj/Summ      3%         N/A       100%        7


Dungeon Overview and Level Annotations

Branches:
Dungeon (4/15) Zot: 2220
 Temple: D:4-7

Altars:

Annotations:
D:4 Blork the orc


Innate Abilities, Weirdness & Mutations

You passively map a small area around you.
You are easily found by Zot.
You glow in the dark.
You regain HP and MP as you explore.


Message History

The adder bites you.
As you read the scroll labelled NOIFFO HYCYOSIWKIN, it crumbles to dust.
The creatures around you are filled with an inner flame!
It was a scroll of immolation.
The adder completely misses you. Blork the orc closely misses you.
As you read the scroll labelled UBBESMOIDIU, it crumbles to dust.
Wisps of shadow whirl around you...
It was a scroll of summoning.
Blork the orc is no longer more vulnerable to fire.
The adder misses you.
A goblin comes into view. It is wielding a +0 dagger of flaming.
The orc hits you with a +0 club.
Blork the orc hits you with a +0 long sword.
What are your orders? t - Shout!
Orders for allies: a - Attack new target. r - Retreat! s - Stop attacking. g - Guard the area. f - Follow me.
Anything else - Cancel.
Gang up on whom?
Press: ? - help, Dir - move target, f - Blork the orc
Aim: Blork the orc, wielding a +0 long sword and wearing a +0 robe (moderately wounded, inner flame, ally target) Attack!
The adder bites you.
You are poisoned.
The adder poisons you!
Your jackal bites the orc.
Flame seeps out of the orc.
Your ball python bites the orc but does no damage.
Your ball python grabs the orc.
Your ball python constricts the orc.
The orc is engulfed in blazing flames.
The orc explodes!
The fiery explosion engulfs your jackal!!!
You kill your jackal!
Your jackal's corpse dissolves into shadows!
The fiery explosion engulfs your ball python!!
You kill your ball python!
Your ball python's corpse dissolves into shadows!
The fiery explosion engulfs Blork the orc.
Flame seeps out of Blork the orc.
Blork the orc is heavily wounded.
The fiery explosion engulfs you!!!
Ouch! That really hurt!
You die...

#.#
#...............
#.#
#...............
, #.#
######.†........
, #.#
###.......... ,,
, ,
+............ ,,
, ,
###.......... ,
, * #..........
#....g.....
#.§@S...... , ,,
#.○ooo..... , ,
#§§h:......, , ,
#.hh.......
,,#.......... ,
* #..........
........... *
#....g...... , ,


You could see Blork the orc (inner flame, ally target), an adder (inner flame,
combustible), 2 orcs, a goblin, 3 friendly jackals and a friendly hobgoblin
(summoned).

Vanquished Creatures
  2 iguanas (D:4)
  A worm (D:3)
  An orc (D:4)
  2 quokkas (D:2)
  2 bats
  A frilled lizard (D:3)
  2 goblins
11 creatures vanquished.

Vanquished Creatures (others)
  22 foxfires
22 creatures vanquished.

Grand Total: 33 creatures vanquished

Notes
Turn   | Place    | Note
-------+----------+-------------------------------------------
     0 | D:1      | hawla the Meteoran Fire Elementalist began the quest for
                  | the Orb.
     0 | D:1      | Reached XP level 1. HP: 14/14 MP: 5/5
    62 | D:2      | Reached XP level 2. HP: 20/20 MP: 2/6
    63 | D:2      | Got the Compendium of the Entourage
    71 | D:3      | Learned a level 2 spell: Scorch
    86 | D:3      | Reached skill level 4 in Fire Magic
   139 | D:4      | Reached XP level 3. HP: 26/26 MP: 1/8
   158 | D:4      | Reached skill level 5 in Fire Magic
   158 | D:4      | Reached XP level 4. HP: 33/33 MP: 1/10
   163 | D:4      | Learned a level 4 spell: Flame Wave
   172 | D:4      | Noticed Blork the orc
   179 | D:4      | Killed by an exploding orc... ignited by their inner flame

Illustrated notes

Levels and vault maps discovered:
D:1:      dpeg_arrival_erosion, layout_basic,
          dreamdust_ecumenical_altar_angels_and_demons, serial_shops,
          nicolae_shop_waterfront, shop, chequers_garden
D:2:      layout_rooms
D:3:      layout_basic, mainiacjoe_overflow_brackets,
          chequers_serial_rivers_micro_b, kennysheep_big_empty_room,
          kennysheep_generic_room_15
D:4:      layout_basic, chequers_serial_rivers_large_a, uniq_blork_the_orc

Skill      XL: |  1  2  3 |
---------------+----------+-----
Fire Magic     | 4 5 |  5.0
Spellcasting   | 3 |  3.5
Dodging        | |  2.8
Stealth        | |  1.4
Conjurations   | |  1.7

Action                   |  1- 3 |  4- 6 || total
-------------------------+-------+-------++-------
 Cast: Foxfire           |    16 |     1 ||    17
       Scorch            |     3 |     2 ||     5
  Use: Scroll            |       |     2 ||     2
Armor: Robe              |     1 |       ||     1
Dodge: Dodged            |       |     3 ||     3
